Map: Blueshift LE

Players

XiaoenA

  • Race: Zerg Zerg
  • League: Gold
  • Spawn Location: 7:00

Mesrob - Winner!

  • Race: Terran Terran
  • League: Gold
  • Spawn Location: 1:00

VOD

Have the link to the VOD?

Description

Time

  • Played on: Jan. 16, 2019, 1:10 p.m.
  • Length: 14:50
Show
View Real Time Build Order
Export as new Build Order

XiaoenA Zerg 

Build Orders: Hatch First 

Get SALT Encoding   

  12  0:01  Drone  
  13  0:08  Drone  
  14  0:19  Overlord  
  14  0:30  Extractor  
  14  0:31  Drone  
  15  0:39  Drone x2  
  17  1:02  Hatchery  
  16  1:04  Drone x2  
  16  1:09  Extractor  
  17  1:17  Spawning Pool  
  16  1:24  Drone x2  
  18  1:30  Drone  
  19  1:47  Drone  
  20  2:09  Queen  
  20  2:13  Queen  
  20  2:15  Drone  
  25  2:20  Metabolic Boost  
  25  2:39  Extractor  
  25  2:42  Roach Warren  
  23  2:47  Baneling Nest  
  22  2:53  Drone x3  
  25  2:59  Drone x2  
  25  3:00  Drone  
  28  3:08  Overlord  
  28  3:17  Overlord  
  30  3:27  Roach x4  
  36  3:35  Drone  
  36  3:36  Drone x3  
  36  3:40  Extractor  
  39  3:49  Drone x2  
  39  3:52  Lair  
  41  4:01  Evolution Chamber  
  40  4:04  Evolution Chamber  
  40  4:09  Drone x3  
  42  4:25  Drone x2  
  42  4:28  Overlord  
  42  4:29  Hatchery  
  43  4:35  Drone  
  44  4:41  Overlord  
  44  4:48  Roach x2  
  44  4:49  Roach x2  
  52  5:01  Drone x3  
  55  5:08  Centrifical Hooks  
  55  5:11  Roach x2  
  59  5:14  Overlord  
  59  5:19  Drone  
  60  5:22  Overlord  
  60  5:29  Glial Reconstitution  
  60  5:34  Roach x3  
  66  5:38  Drone x2  
  69  5:42  Drone  
  69  5:47  Queen  
  69  5:48  Drone  
  72  6:02  Roach x2  
  72  6:03  Roach x2  
  80  6:05  Zerg Missile Weapons Level 1  
  80  6:14  Zergling x4  
  80  6:17  Overlord x2  
  82  6:20  Extractor  
  82  6:21  Drone  
  82  6:26  Overlord  
  82  6:33  Overlord  
  82  6:39  Zergling x4  
  85  6:40  Zergling x2  
  85  6:43  Baneling x4  
  85  6:48  Zergling x10  
  85  6:52  Zergling x6  
  93  6:55  Drone x2  
  93  6:56  Drone x3  
  98  7:19  Spore Crawler  
  98  7:20  Baneling x4  
  98  7:21  Baneling x7  
  98  7:22  Baneling x5  
  97  7:24  Ravager x4  
  97  7:25  Ravager x2  
  97  7:28  Roach x2  
  97  7:29  Roach x3  
  113  7:35  Overlord x2  
  113  7:39  Zerg Ground Armor Level 1  
  113  7:42  Zergling x2, Overlord  
  113  7:43  Overlord  
  62  8:55  Zergling x6  
  62  8:56  Zergling x8  
  68  9:36  Extractor  
  67  9:39  Extractor, Drone x2  
  68  9:53  Zerg Missile Weapons Level 2  
  68  9:54  Zerg Ground Armor Level 2  
  61  10:13  Roach x7  
  74  10:21  Roach x6  
  84  10:22  Queen  
  84  10:24  Roach x3  
  94  10:33  Drone  
  94  10:34  Drone x5  
  94  10:35  Drone x3  
  103  10:42  Drone x2  
  105  10:43  Drone  
  106  10:55  Roach x5  
  106  10:56  Roach  
  118  10:59  Roach x3  
  118  11:00  Roach x2  
  128  11:09  Drone x2  
  130  11:12  Roach  
  130  11:13  Roach x3  
  138  11:24  Overlord x5  
  138  11:51  Hatchery, Spire  
  136  11:58  Infestation Pit  
  136  12:00  Roach x4  
  136  12:01  Roach  
  145  12:14  Zerg Melee Weapons Level 1  
  145  12:19  Zergling x8  
  149  12:37  Extractor  
  149  12:39  Extractor, Zergling x6  
  149  12:40  Zergling x16  
  158  13:03  Hive  
  158  13:10  Baneling x3  
  158  13:11  Baneling x19  
  69  14:10  Roach x6  
  69  14:11  Roach x7  
  87  14:20  Roach x5  
  87  14:21  Roach x8  
  87  14:22  Roach  
Show
View Real Time Build Order
Export as new Build Order

Mesrob Terran - Winner!

Build Orders: Mech 

Get SALT Encoding   

  12  0:00  SCV  
  13  0:12  SCV  
  14  0:17  Supply Depot  
  14  0:24  SCV  
  15  0:38  SCV  
  15  0:40  Barracks  
  16  0:45  Refinery  
  16  0:51  SCV  
  17  1:03  SCV  
  18  1:15  SCV  
  19  1:27  Orbital Command  
  19  1:38  Command Center  
  19  1:41  Marine  
  20  1:55  Bunker  
  20  1:57  SCV  
  21  2:07  Factory  
  21  2:09  SCV  
  22  2:26  Supply Depot  
  22  2:29  SCV  
  23  2:32  Barracks Tech Lab  
  23  2:34  Refinery  
  23  2:47  SCV  
  23  2:49  Supply Depot  
  24  2:59  SCV  
  25  3:07  Refinery  
  25  3:11  Orbital Command, SCV  
  26  3:16  Siege Tank  
  26  3:19  Marine  
  30  3:22  Engineering Bay  
  30  3:23  SCV  
  31  3:30  Armory  
  31  3:36  SCV  
  32  3:42  Supply Depot  
  32  3:48  Siege Tank  
  35  3:55  Missile Turret  
  35  4:16  SCV  
  36  4:19  SCV  
  36  4:20  Siege Tank  
  40  4:24  Missile Turret  
  40  4:28  SCV  
  40  4:31  SCV  
  42  4:36  Terran Vehicle Weapons Level 1  
  42  4:41  SCV  
  42  4:43  SCV  
  44  4:47  Command Center  
  44  4:52  Refinery  
  44  4:53  SCV  
  44  4:54  Siege Tank  
  44  4:55  Missile Turret  
  48  5:00  Factory  
  48  5:08  SCV  
  48  5:09  SCV  
  50  5:21  SCV  
  51  5:25  Missile Turret  
  51  5:35  Thor  
  57  5:46  Factory Reactor  
  57  6:03  Armory  
  57  6:13  Factory  
  57  6:16  Factory  
  57  6:18  Thor  
  57  6:24  Hellion x2  
  67  6:26  SCV  
  68  6:38  SCV x2  
  70  6:40  Planetary Fortress  
  70  7:02  Missile Turret  
  70  7:23  Missile Turret  
  70  7:30  Factory Tech Lab, Factory Reactor  
  70  7:33  Factory  
  70  7:42  Factory  
  70  7:45  Thor  
  76  7:59  Supply Depot x2  
  76  8:04  Supply Depot  
  76  8:06  Terran Vehicle Weapons Level 2  
  76  8:08  Terran Vehicle And Ship Armor Level 1  
  76  8:21  Hellbat x4, Factory, Thor  
  76  8:23  Supply Depot x2  
  76  8:26  Supply Depot  
  90  8:27  Refinery, Factory  
  78  8:35  SCV x2  
  67  8:47  SCV x2  
  69  8:49  Supply Depot  
  69  8:52  Thor  
  69  8:53  Refinery  
  69  8:54  Hellbat x2  
  79  9:02  Sensor Tower  
  79  9:04  SCV  
  79  9:08  SCV x2  
  82  9:11  Supply Depot  
  82  9:16  SCV  
  83  9:19  Sensor Tower  
  83  9:20  SCV x2  
  83  9:24  Factory Tech Lab x2, Factory Reactor  
  85  9:26  Factory Tech Lab  
  85  9:28  SCV  
  86  9:31  Supply Depot  
  86  9:32  SCV x2  
  88  9:40  SCV  
  88  9:44  SCV x2  
  91  9:52  SCV  
  91  9:53  Command Center  
  91  9:54  Supply Depot  
  91  9:56  SCV x2  
  94  10:03  Missile Turret  
  94  10:16  Thor x3  
  94  10:18  Hellion, Supply Depot  
  114  10:32  Thor  
  122  10:35  Hellbat  
  122  10:36  Hellbat  
  124  10:48  SCV  
  124  10:49  SCV x2  
  127  11:01  SCV  
  127  11:02  SCV x2  
  130  11:07  Refinery  
  130  11:11  Thor  
  130  11:13  SCV  
  130  11:17  Supply Depot  
  137  11:19  Terran Vehicle Weapons Level 3  
  137  11:22  Terran Vehicle And Ship Armor Level 2  
  137  11:33  Refinery  
  137  11:37  Thor  
  137  11:39  Supply Depot  
  143  11:41  SCV x3  
  143  11:42  Command Center  
  146  11:47  Planetary Fortress  
  146  11:55  SCV x2  
  146  11:56  SCV  
  146  11:57  Missile Turret  
  149  12:01  Thor x2  
  149  12:02  Supply Depot  
  149  12:03  Hellion, Hellbat  
  149  12:04  Hellbat  
  167  12:12  Command Center  
  167  12:18  Missile Turret  
  167  12:21  Hellion  
  167  12:23  Thor  
  173  12:31  Hellion  
  173  12:39  Missile Turret  
  173  12:53  Command Center  
  173  12:57  Refinery  
  173  13:01  Thor x3  
  173  13:02  Thor  
  197  13:21  Refinery  
  177  13:58  Thor x3  
  177  13:59  Thor  
  177  14:02  Thor  
  197  14:03  Hellbat  
  197  14:04  Hellbat x3  
  193  14:16  Refinery  
  193  14:42  Refinery  
Tags
 
Composition
Mech
League
GoldGold
Matchup
TvZ
Replay Pack
sc2 replays
Spawn Locations
Cross Positions
Add a new tag
Caveats
  • Supply blocks, unpowered buildings, or Contaminate may cause inaccurate times.
  • Supply counts are checked every 10 seconds.